 Dungeon Crawl Stone Soup version 0.16.2-12-gd0ad4c3 (webtiles) character file.

127 Patate the Skirmisher (level 5, -4/34 HPs)
             Began as a Gargoyle Fighter on Sept 11, 2015.
             Killed by divine providence
             ... invoked by an orc priest
              (9 damage)
             ... on level 3 of the Dungeon on Oct 18, 2015.
             The game lasted 00:06:19 (2241 turns).

Patate the Skirmisher (Gargoyle Fighter)            Turns: 2241, Time: 00:06:19

Health: -4/34      AC: 11    Str: 20    XL:     5   Next: 11%
Magic:  5/5        EV:  7    Int:  9    God:
Gold:   100        SH:  9    Dex:  9    Spells: 0 memorised, 4 levels left

rFire  . . .     SeeInvis .     a - +0 flail
rCold  . . .     Clarity  .     b - +0 scale mail
rNeg   + . .     SustAb   .     c - +0 shield
rPois  ∞         Gourm    .     (no helmet)
rElec  +         Spirit   .     (no cloak)
rCorr  .         Warding  .     (no gloves)
rMut   .         Stasis   .     (no boots)
MR     .....                    h - amulet of rage
Stlth  ..........               (no ring)
                                l - ring of flight

@: not resistant to hostile enchantments, extremely unstealthy
A: negative energy resistance 1, electricity resistance, unbreathing,
petrification resistance, rot immunity, AC +4
a: Evoke Berserk Rage, Evoke Flight


You were on level 3 of the Dungeon.
You were not hungry.

You visited 1 branch of the dungeon, and saw 3 of its levels.

You collected 100 gold pieces.

Inventory:

Hand weapons
 a - a +0 flail (weapon)
Armour
 b - a +0 scale mail (worn)
 c - a +0 shield (worn)
Jewellery
 h - an amulet of rage (around neck)
 l - a ring of flight (left hand)
Scrolls
 k - 2 scrolls of identify {unknown}
 m - a scroll of random uselessness {unknown}
 o - 2 scrolls of teleportation {unknown}
 s - a scroll of noise {unknown}
Potions
 e - a potion of might
 g - a potion of curing
 i - a potion of ambrosia {unknown}
 j - 2 potions of heal wounds {unknown}
Comestibles
 d - 3 bread rations
 f - 3 fruits
 n - a meat ration
 p - 2 chunks of flesh
 q - a beef jerky
 r - a royal jelly


   Skills:
 * Level 4.8 Fighting
 + Level 3.1 Maces & Flails
 + Level 4.2 Armour
 - Level 3.2 Shields


You had 4 spell levels left.
You didn't know any spells.

Dungeon Overview and Level Annotations

Branches:
Dungeon (3/15)

Altars:
Ashenzari


Innate Abilities, Weirdness & Mutations

You are resistant to torment.
You are immune to poison.
Your stone body is very resilient (AC +4).
You resist negative energy.
You are resistant to electric shocks.
You can survive without breathing.
You are immune to petrification.
You are immune to rotting.


Message History

You barely miss the orc priest.
The orc priest is moderately wounded.
You block the orc priest's attack. You block the orc's attack.
The orc priest closely misses you.
You sock the orc priest!
The orc priest is severely wounded.
The orc hits you with a war axe.
The orc priest calls down the wrath of Beogh upon you.
Pain shoots through your body!
* * * LOW HITPOINT WARNING * * *
You hit the orc priest.
The orc priest is almost dead.
The orc priest looks braver.
You block the orc's attack.
The orc priest calls down the wrath of Beogh upon you.
Pain shoots through your body!
* * * LOW HITPOINT WARNING * * *
The orc priest mumbles some strange prayers to Beogh against you.
Something smites you!
You die...

<...# ....
##.#...# ....# #
...# + ._...' .#
#..# .# ......#
..# ...###.#
...?..#####..#
......#
......#.....#
......#
#.⌠..o...#
....#.####..
#.#o.# ...##
.(#. #..@.# #.##
.... #..### #.#
##..##.##.## #.#
#.........# #[#
#.#######.# #.#
##.## #.#
..###.#.## #.#
<.##.###.#####.#
....## ##....#.#


You could see an orc priest and an orc.

Vanquished Creatures
  An ogre (D:3)
  An adder (D:2)
  3 giant geckos
  An ooze (D:2)
  2 orcs (D:3)
  4 bats
  A giant cockroach (D:1)
  3 goblins
  5 hobgoblins
  4 jackals (D:3)
  3 giant newts
  2 kobolds
  2 quokkas
  4 rats
36 creatures vanquished.

Notes
Turn   | Place    | Note
--------------------------------------------------------------
     0 | D:1      | Patate, the Gargoyle Fighter, began the quest for the Orb.
     0 | D:1      | Reached XP level 1. HP: 14/14 MP: 1/1
   382 | D:1      | Reached XP level 2. HP: 19/19 MP: 2/2
   878 | D:2      | Reached XP level 3. HP: 14/24 MP: 3/3
  1881 | D:3      | Reached skill level 4 in Fighting
  1982 | D:3      | Noticed an ogre
  2001 | D:3      | Killed an ogre
  2001 | D:3      | Reached XP level 4. HP: 11/30 MP: 4/4
  2001 | D:3      | Reached XP level 5. HP: 12/34 MP: 5/5
  2226 | D:3      | Found a shattered altar of Ashenzari.
  2241 | D:3      | Killed from afar by an orc priest

Action                   |  1- 3 |  4- 6 || total
-------------------------+-------+-------++-------
Melee: Flail             |   146 |    12 ||   158
  Use: Potion            |     2 |       ||     2
  Eat: Chunk             |     2 |     1 ||     3
       Fruit             |     2 |       ||     2
